 Dungeon Crawl Stone Soup version 0.28-a0-479-g5baa6b73be (webtiles) character file.

Game seed: 8417247797232786409

1959 SkeletonJelly the Basher (level 9, -11/80 HPs)
             Began as a Troll Monk on Sept 18, 2021.
             Was an Elder of Okawaru.
             Mangled by a gnoll sergeant (14 damage)
             ... on level 5 of the Dungeon.
             The game lasted 00:09:15 (3975 turns).

SkeletonJelly the Basher (Troll Monk)               Turns: 3975, Time: 00:09:16

Health: -11/80     AC:  5    Str: 24    XL:     9   Next: 0%
Magic:  9/11       EV: 12    Int:  6    God:    Okawaru [****..]
Gold:   269        SH:  0    Dex: 12    Spells: 8/8 levels left

rFire   . . .      SeeInvis .   o - +0 giant club
rCold   . . .      Faith    .   (shield currently unavailable)
rNeg    . . .      Spirit   .   b - +0 robe
rPois   .          Reflect  .   (helmet restricted)
rElec   .          Harm     .   d - +0 cloak
rCorr   .          Rampage  .   (gloves unavailable)
Will    .....                   (boots unavailable)
Stlth   +++.......              (no amulet)
HPRegen 1.23/turn               (no ring)
MPRegen 0.12/turn               (no ring)

@: heroic
A: large, unfitting armour, claws 3, regeneration 1, shaggy fur 1, tough skin 1
a: Renounce Religion, Heroism, Finesse


You were on level 5 of the Dungeon.
You worshipped Okawaru.
Okawaru was greatly pleased with you.
You visited 2 branches of the dungeon, and saw 6 of its levels.

You collected 269 gold pieces.

Inventory:

Hand Weapons
 a - a +0 mace
 o - a +0 giant club (weapon)
 x - a +0 giant spiked club
Missiles
 m - 2 large rocks (quivered)
 r - 2 javelins
 A - 10 boomerangs
 C - 4 throwing nets
Armour
 b - a +0 robe (worn)
 d - a +0 cloak (worn)
 s - a +0 kite shield
Wands
 u - a wand of mindburst (13)
 v - a wand of paralysis (1)
 w - a wand of iceblast (9)
Scrolls
 c - 3 scrolls of fog {unknown}
 e - 4 scrolls of teleportation {unknown}
 f - a scroll of amnesia {unknown}
 g - 9 scrolls of identify {unknown}
 h - a scroll of noise {unknown}
 j - a scroll of enchant armour {unknown}
 l - a scroll of summoning {unknown}
 p - a scroll of immolation {unknown}
 q - 2 scrolls of magic mapping {unknown}
 y - a scroll of enchant weapon {unknown}
Potions
 i - a potion of heal wounds {unknown}
 k - 3 potions of degeneration {unknown}
 n - a potion of curing {unknown}
 t - a potion of berserk rage {unknown}
 z - a potion of haste {unknown}
 B - a potion of brilliance {unknown}


   Skills:
 - Level 2.4(7.4) Fighting
 + Level 10.2(15.2) Maces & Flails
 - Level 2.4(7.4) Dodging
 - Level 1.0(6.0) Stealth
 - Level 4.0 Invocations


You had 8 spell levels left.
You didn't know any spells.
Your spell library contained the following spells:

 Spells                   Type           Power      Damage    Failure   Level
 Foxfire                  Conj/Fire      0%         2x1d4     45%         1
 Ensorcelled Hibernation  Hex/Ice        0%         N/A       58%         2
 Slow                     Hex            0%         N/A       58%         2
 Confusing Touch          Hex            0%         N/A       83%         3
 Conjure Flame            Conj/Fire      0%         6-21      83%         3
 Inner Flame              Hex/Fire       0%         N/A       83%         3
 Flame Wave               Conj/Fire      0%         3d3       99%         4
 Yara's Violent Unravell  Hex/Tmut       0%         3d3       100%        5
 Tukima's Dance           Hex            Unusable   N/A       N/A         3

Dungeon Overview and Level Annotations

Branches:
Dungeon (5/15)             Temple (1/1) D:4

Altars:
Ashenzari
Cheibriados
Dithmenos
Elyvilon
Fedhas
Hepliaklqana
Kikubaaqudgha
Makhleb
Nemelex Xobeh
Okawaru
Sif Muna
Trog
Vehumet
Wu Jian
Yredelemnul
Zin
The Shining One

Shops:
D:4 [


Innate Abilities, Weirdness & Mutations

You are too large for most types of armour.
You have claws for hands.
Your natural rate of healing is unusually fast.
You are covered in fur. (AC +1)
You have tough skin. (AC +1)


Message History

The gnoll shaman calls upon its god to speed up the gnoll sergeant.
The gnoll sergeant seems to speed up.
The hound barely misses you.
You take 2 damage, and have 48/74 hp.
The hound misses you. The hound closely misses you.
The hound barely misses you.
You regained 2 hp, and now have 51/74 hp.
The hound bites you.
You take 3 damage, and have 48/74 hp.
The hound bites you. x2
You take 3 damage, and have 45/74 hp.
The hound bites you. The hound barely misses you. The hound closely misses you.
The hound closely misses you.
You regained 2 hp, and now have 48/74 hp.
You closely miss the hound. The hound bites you.
The hound bites you but does no damage.
You take 4 damage, and have 44/74 hp.
You sock the hound!
The hound is almost dead.
The hound bites you but does no damage. The hound closely misses you.
You closely miss the hound.
The hound is almost dead.
The hound misses you.
You regained 2 hp, and now have 47/74 hp.
You closely miss the hound.
The hound is almost dead.
The hound barely misses you. The hound closely misses you.
You miss the hound.
The hound is almost dead.
The hound bites you. x2
You take 2 damage, and have 46/74 hp.
You barely miss the hound.
The hound is almost dead.
The hound bites you but does no damage.
You regained 2 hp, and now have 48/74 hp.
You closely miss the hound.
The hound is almost dead.
The hound bites you but does no damage. The hound closely misses you.
You closely miss the hound.
The hound is almost dead.
The hound bites you but does no damage. x2
You miss the hound.
The hound is almost dead.
The hound bites you but does no damage.
You regained 2 hp, and now have 52/74 hp.
You barely miss the hound.
The hound is almost dead.
The hound barely misses you. x2
You bludgeon the hound!!
You kill the hound!
Okawaru accepts your kill.
The gnoll sergeant hits you with a +0 falchion.
You have reached level 9!
Your experience leads to an increase in your attributes!
Increase (S)trength, (I)ntelligence, or (D)exterity?
You feel stronger. x2
MP restored: 11 You gain the combat prowess of a mighty hero.
The gnoll sergeant hits you with a +0 falchion!
The gnoll shaman misses you.
You take 10 damage, and have 43/80 hp.
You now have 9/11 mp.
The gnoll sergeant blocks your attack.
The gnoll sergeant hits you with a +0 falchion!
The gnoll shaman hits you from afar with a +0 spear.
You take 15 damage, and have 28/80 hp.
You thump the gnoll sergeant!
The gnoll sergeant is heavily wounded.
The gnoll sergeant barely misses you.
The gnoll shaman calls upon its god to heal the gnoll sergeant.
The gnoll sergeant is healed somewhat.
The gnoll sergeant barely misses you.
You hit the gnoll sergeant but do no damage.
The gnoll sergeant is lightly wounded.
The gnoll sergeant closely misses you.
The gnoll shaman hits you from afar with a +0 spear!
* * * LOW HITPOINT WARNING * * *
You take 7 damage, and have 22/80 hp.
The gnoll sergeant blocks your attack.
The gnoll sergeant is lightly wounded.
The gnoll sergeant hits you with a +0 falchion!
* * * LOW HITPOINT WARNING * * *
The gnoll shaman hits you but does no damage.
You take 14 damage, and have 8/80 hp.
You bludgeon the gnoll sergeant!!
The gnoll sergeant is almost dead.
The gnoll sergeant closely misses you.
The gnoll sergeant hits you with a +0 falchion.
* * * LOW HITPOINT WARNING * * *
You take 2 damage, and have 6/80 hp.
You barely miss the gnoll sergeant.
The gnoll sergeant is almost dead.
The gnoll shaman misses you.
The gnoll sergeant hits you with a +0 falchion.
* * * LOW HITPOINT WARNING * * *
You take 4 damage, and have 2/80 hp.
Aiming: Mindburst
Press: ? - help, Shift-Dir - straight line, f - gnoll sergeant
Aim: a gnoll sergeant, wielding a +0 falchion, wearing a +0 ring mail and wearing a +2 kite shield (almost dead, fast, chance to affect: 65%)
The gnoll sergeant struggles to resist.
The gnoll sergeant hits you with a +0 falchion!
You die...

#......g....)...
#...####...####
##)##.........#
#)##...gh(...# .
#g##.........# ..#
#o##....h....# ...
#g#####g.o#### ...
#g# '...' ... #@#
'...'. ... ##.# ...
#..# ... #..## .##
#...## #..##
#....#########.....
#.................[
#.####.###..##..#..
#.# #.##)...#.....


You could see a gnoll sergeant (fast), a gnoll shaman, a gnoll and an orc.

Vanquished Creatures
  Pikel (D:5)
  Grum (D:5)
  Eustachio (D:5)
  2 sky beasts
  A wolf (D:5)
  3 ogres
  A gnoll sergeant (D:5)
  A crimson imp (D:5)
  9 hounds (D:5)
  A jelly (D:5)
  A gnoll shaman (D:5)
  An orc priest (D:3)
  Ijyb (D:5)
  An orc wizard (D:3)
  A hound zombie (D:5)
  A howler monkey skeleton (D:5)
  9 gnolls (D:5)
  6 adders
  An adder skeleton (D:4)
  2 worms
  4 dart slugs
  12 orcs
  9 bats
  6 endoplasms
  3 giant cockroaches
  4 goblins
  4 hobgoblins
  A jackal (D:5)
  7 kobolds
  5 quokkas
  5 ball pythons
  6 frilled lizards
  4 rats
115 creatures vanquished.

Notes
Turn   | Place    | Note
-------+----------+-------------------------------------------
     0 | D:1      | SkeletonJelly the Troll Monk began the quest for the Orb.
     0 | D:1      | Reached XP level 1. HP: 22/22 MP: 0/0
    38 | D:1      | Reached skill level 3 in Maces & Flails
   129 | D:1      | Reached XP level 2. HP: 29/29 MP: 1/1
   488 | D:1      | Found a faded altar of an unknown god.
   803 | D:2      | Reached XP level 3. HP: 34/36 MP: 2/2
   875 | D:2      | Reached skill level 4 in Maces & Flails
  1414 | D:3      | Reached XP level 4. HP: 27/44 MP: 3/3
  1469 | D:3      | Found a sparkling altar of Nemelex Xobeh.
  1547 | D:3      | Found a broken altar of Ashenzari.
  1748 | D:3      | Reached skill level 5 in Maces & Flails
  2056 | D:4      | Noticed an ogre
  2104 | D:3      | Killed an ogre
  2105 | D:3      | Reached XP level 5. HP: 31/50 MP: 4/4
  2192 | D:3      | Reached skill level 6 in Maces & Flails
  2414 | D:4      | Found Rawkasurph's Armour Shoppe.
  2473 | D:4      | Found a staircase to the Ecumenical Temple.
  2478 | D:4      | Reached XP level 6. HP: 59/59 MP: 5/5
  2483 | Temple   | Entered the Ecumenical Temple
  2687 | Temple   | Became a worshipper of Warmaster Okawaru
  2687 | Temple   | Reached * piety under Okawaru
  2687 | Temple   | Reached ** piety under Okawaru
  2776 | D:4      | Found a glowing silver altar of Zin.
  2785 | D:4      | Found a shadowy altar of Dithmenos.
  3039 | D:5      | Entered Level 5 of the Dungeon
  3039 | D:5      | Noticed a sky beast
  3047 | D:4      | Killed a sky beast
  3048 | D:4      | Reached skill level 1 in Invocations
  3206 | D:5      | Reached XP level 7. HP: 46/66 MP: 4/7
  3266 | D:5      | Found a radiant altar of Vehumet.
  3294 | D:5      | Reached skill level 7 in Maces & Flails
  3316 | D:5      | Noticed Eustachio
  3325 | D:5      | Killed Eustachio
  3365 | D:5      | Noticed Ijyb
  3367 | D:5      | Paralysed by Ijyb for 4 turns
  3379 | D:5      | Killed Ijyb
  3379 | D:5      | Reached *** piety under Okawaru
  3498 | D:5      | Found a burning altar of Makhleb.
  3549 | D:5      | Reached skill level 8 in Maces & Flails
  3549 | D:5      | Reached XP level 8. HP: 54/74 MP: 10/10
  3588 | D:5      | Noticed Pikel
  3623 | D:5      | Killed Pikel
  3623 | D:5      | Received a gift from Okawaru
  3624 | D:5      | Reached skill level 9 in Maces & Flails
  3660 | D:5      | Noticed Grum
  3666 | D:5      | Killed Grum
  3675 | D:5      | Reached **** piety under Okawaru
  3784 | D:5      | Reached skill level 10 in Maces & Flails
  3968 | D:5      | Reached XP level 9. HP: 53/80 MP: 11/11
  3974 | D:5      | HP: 2/80 [gnoll sergeant (5)]
  3975 | D:5      | Mangled by a gnoll sergeant

Illustrated notes

Levels and vault maps discovered:
D:1:      zelgadis_glass_arrival_small, layout_basic,
          shapermc_ecumenical_altar_notcrosses, glass_columns_b
D:2:      layout_loops_ring, minmay_pentomino_w2
D:3:      layout_loops_ring, nemelex_diamond_rough_becter,
          mainiacjoe_overflow_catwalk, kennysheep_generic_room_14
D:4:      layout_loops_ring, lemuel_crystal_altar,
          mainiacjoe_overflow_cross_hatched,
          minmay_temple_entry_statues_pillars, serial_shops, nicolae_square_shop
D:5:      layout_cave_pools, makhleb_grotto_becter, kennysheep_little_box,
          serial_gnoll_camp, gnoll_camp_mini_hut, gnoll_camp_mini_basic,
          gnoll_camp_mini_loothouse, gnoll_camp_medium_02, grums_kennel,
          uniq_ijyb, uniq_pikel, uniq_eustachio
Temple:   minmay_temple_curvy_loop

Skill      XL: |  1  2  3  4  5  6  7  8 |
---------------+-------------------------+-----
Maces & Flails | 3 4 5 6 8 10 | 10.2
Invocations    | 2 4 |  4.0
Fighting       | |  2.4
Dodging        | |  2.4
Stealth        | |  1.0

Action                   |  1- 3 |  4- 6 |  7- 9 || total
-------------------------+-------+-------+-------++-------
Melee: Mace              |   153 |    47 |       ||   200
       Giant club        |       |    75 |   133 ||   208
Throw: Large rock        |       |     4 |     3 ||     7
Invok: Heroism           |       |     2 |     3 ||     5
Evoke: Wand              |       |       |     2 ||     2
 Stab: Sleeping          |     3 |     2 |     1 ||     6
Armor: Robe              |    89 |    37 |    69 ||   195
Dodge: Dodged            |   103 |    53 |   114 ||   270

Table legend: (Time is in decaauts)
 A = Elapsed time spent in this place.
 B = Non-inter-level travel time spent in this place.
 C = Inter-level travel time spent in this place.
 D = Time resting spent in this place.
 E = Time spent auto-exploring this place.
 F = Levels seen in this place.
 G = Mean time per level.
                   A        B        C        D        E       F      G
               +--------+--------+--------+--------+--------+-----+--------+
         Total |   4063 |   3903 |    160 |      0 |   2767 |   6 |  677.2 |
       Dungeon |   3841 |   3698 |    143 |      0 |   2575 |   5 |  768.2 |
        Temple |    222 |    205 |     17 |      0 |    192 |   1 |  222.0 |
               +--------+--------+--------+--------+--------+-----+--------+

Top non-repeatable levels by time:
     D:5: 960 daAuts
     D:3: 767 daAuts
     D:4: 734 daAuts
     D:1: 707 daAuts
     D:2: 671 daAuts
  Temple: 222 daAuts
